Map: Dusk Towers

Players

Grumm

  • Race: Protoss Protoss
  • League: Gold

NoBwayno - Winner!

  • Race: Zerg Zerg
  • League: Platinum

VOD

Have the link to the VOD?

Description

Time

  • Played on: Jan. 22, 2016, 6:58 p.m.
  • Length: 2:25
Show
View Real Time Build Order
Export as new Build Order

Grumm Protoss 

Build Orders:  

Get SALT Encoding   

  12  0:01  Probe (Chrono Boost)  
  13  0:15  Pylon  
  13  0:18  Probe (Chrono Boost)  
  14  0:29  Probe (Chrono Boost)  
  15  0:36  Gateway  
  15  0:40  Probe (Chrono Boost)  
  16  0:50  Probe (Chrono Boost)  
  16  0:51  Assimilator  
  17  1:01  Gateway  
  17  1:03  Probe (Chrono Boost)  
  18  1:13  Probe (Chrono Boost)  
  19  1:27  Cybernetics Core  
  19  1:46  Nexus  
  19  1:53  Pylon  
  19  1:56  Probe (Chrono Boost)  
Show
View Real Time Build Order
Export as new Build Order

NoBwayno Zerg - Winner!

Build Orders: Pool Only 

Get SALT Encoding   

  12  0:11  Extractor  
  12  0:21  Spawning Pool  
  12  0:25  Drone  
  12  0:29  Drone  
  12  0:35  Drone  
  14  0:43  Overlord  
  14  1:09  Zergling x6  
  17  1:21  Zergling x2  
  18  1:37  Zergling x2  
  19  1:43  Zergling x2  
  20  1:53  Zergling x2  
  21  2:04  Zergling x2  
Tags
 
Add a new tag
Caveats
  • Supply blocks, unpowered buildings, or Contaminate may cause inaccurate times.
  • Supply counts are checked every 10 seconds.